 Dungeon Crawl Stone Soup version 0.23.2-33-g5129a83184 (webtiles) character file.

Game seed: 3985319978151004292

103 psyvane the Stinger (level 4, -11/30 HPs)
             Began as a Merfolk Venom Mage on June 30, 2019.
             Mangled by an ice beast (16 damage)
             ... on level 3 of the Dungeon.
             The game lasted 00:16:23 (3379 turns).

psyvane the Stinger (Merfolk Venom Mage)            Turns: 3379, Time: 00:16:24

Health: -11/30     AC:  3    Str:  8    XL:     4   Next: 79%
Magic:  7/7        EV: 13    Int: 15    God:
Gold:   125        SH:  0    Dex: 14    Spells: 3/7 levels left

rFire    . . .     SeeInvis .   (no weapon)
rCold    . . .     Gourm    .   (no shield)
rNeg     . . .     Faith    .   a - +0 robe
rPois    .         Spirit   .   (no helmet)
rElec    .         Reflect  .   (no cloak)
rCorr    .         Harm     +   (no gloves)
MR       .....                  o - +0 pair of boots
Stlth    ++........             d - amulet of harm
HPRegen  0.10/turn              (no ring)
MPRegen  0.10/turn              (no ring)

@: very slightly contaminated, invisible
A: change form in water, swift swim, stealthy swim
a: no special abilities


You were on level 3 of the Dungeon.
You were hungry.

You visited 1 branch of the dungeon, and saw 3 of its levels.

You collected 125 gold pieces.

Inventory:

Armour
 a - a +0 robe (worn)
 o - a +0 pair of boots (worn)
 p - a +0 buckler
Magical Staves
 n - an uncursed staff of summoning
Jewellery
 d - an amulet of harm (around neck)
Scrolls
 b - a scroll of magic mapping
 e - a scroll of teleportation {unknown}
 f - 4 scrolls of identify
 h - a scroll of enchant weapon {unknown}
Potions
 i - a potion of flight
 k - a potion of resistance {unknown}
 l - a potion of magic {unknown}
Comestibles
 c - 5 rations


   Skills:
 - Level 3.3 Dodging
 * Level 3.0 Stealth
 * Level 2.3 Spellcasting
 * Level 1.0 Conjurations
 - Level 4.9 Poison Magic


You had 3 spell levels left.
You knew the following spells:

 Your Spells              Type           Power        Failure   Level  Hunger
a - Sting                 Conj/Pois      ##..         6%          1    #......
c - Mephitic Cloud        Conj/Pois/Air  #.......     28%         3    ###....

Your spell library contained the following spells:

 Spells                   Type           Power        Failure   Level  Hunger
 Poisonous Vapours        Pois/Air       #.....       12%         2    ###....
 Magic Dart               Conj           #...         14%         1    #......
 Blink                    Tloc           N/A          32%         2    ###....
 Call Imp                 Summ           #.......     32%         2    ###....
 Slow                     Hex            #.......     32%         2    ###....
 Conjure Flame            Conj/Fire      #.......     47%         3    ###....
 Olgreb's Toxic Radiance  Pois           ###.....     28%         4    #####..
 Venom Bolt               Conj/Pois      ##........   87%         5    ######.


Dungeon Overview and Level Annotations

Branches:
Dungeon (3/15)

Altars:
Nemelex Xobeh
Okawaru
Trog


Message History

The worm misses you.
There is a stone staircase leading up, spattered with blood here.
You fade into invisibility!
The orc warrior barely misses you. The worm barely misses you.
You are very lightly contaminated with residual magic.
An ice beast comes into view.
A giant cockroach comes into view.
Found 8 gold pieces.
Found a thin golden amulet.
The orc warrior shouts!
You hear a shout!
Found a scroll of magic mapping.
Found an escape hatch in the ceiling.
Number of times to repeat, then command key: You must enter the number of times for the command to repeat.
A kobold comes into view. It is wielding a +0 dagger.
The ice beast hits you.
* * * LOW HITPOINT WARNING * * *
The ice beast freezes you!
Ouch! That really hurt!
You die...

#.......# #....<..# #
.......w..## ###..
............####....#
.............os...#
.....#######....###
..... ###.o#### ..
##....#####
##@Y...... #......?.
......... ##....$...
....."... <.......#
.......## K....##..


You could see an orc warrior, an ice beast, a worm, an orc, a giant cockroach
(wandering) and a kobold (sleeping).

Vanquished Creatures
  A gnoll (D:2)
  3 adders (D:2)
  An adder zombie (D:2)
  A worm (D:2)
  A dart slug (D:1)
  A leopard gecko (D:1)
  An orc (D:2)
  5 giant cockroaches
  6 goblins
  7 hobgoblins
  3 jackals (D:1)
  7 kobolds
  A quokka (D:2)
  5 bats
  A frilled lizard (D:2)
  9 rats
53 creatures vanquished.

Notes
Turn   | Place    | Note
-------+----------+-------------------------------------------
     0 | D:1      | psyvane the Merfolk Venom Mage began the quest for the Orb.
     0 | D:1      | Reached XP level 1. HP: 13/13 MP: 3/3
   365 | D:1      | Reached XP level 2. HP: 18/19 MP: 3/5
   725 | D:1      | Reached skill level 4 in Poison Magic
  1063 | D:1      | Reached XP level 3. HP: 24/24 MP: 2/6
  1588 | D:2      | Learned a level 2 spell: Poisonous Vapours
  1592 | D:2      | Learned a level 3 spell: Mephitic Cloud
  1809 | D:2      | HP: 1/24 [adder zombie (3)]
  2105 | D:2      | Reached XP level 4. HP: 30/30 MP: 0/7
  2261 | D:3      | Noticed an orc warrior
  2834 | D:2      | Found an iron altar of Okawaru.
  3101 | D:2      | Found a sparkling altar of Nemelex Xobeh.
  3227 | D:2      | Reached skill level 1 in Conjurations
  3314 | D:2      | Found a bloodstained altar of Trog.
  3374 | D:3      | Noticed an ice beast
  3379 | D:3      | Mangled by an ice beast

Skill      XL: |  1  2  3  4 |
---------------+-------------+-----
Poison Magic   | 4 |  4.9
Dodging        | 3 |  3.3
Stealth        | 3 |  3.0
Conjurations   | 1 |  1.0
Spellcasting   | |  2.3

Action                   |  1- 3 |  4- 6 || total
-------------------------+-------+-------++-------
Melee: Unarmed           |    40 |    21 ||    61
 Cast: Sting             |    66 |    49 ||   115
       Mephitic Cloud    |       |     1 ||     1
       Poisonous Vapours |       |     1 ||     1
  Use: Scroll            |       |     4 ||     4
       Potion            |       |     4 ||     4
  Eat: Chunk             |     4 |     2 ||     6
       Ration            |       |     1 ||     1
Armor: Robe              |     6 |     1 ||     7
Dodge: Dodged            |    35 |    34 ||    69
